 Dungeon Crawl Stone Soup version 0.28.0 (webtiles) character file.

Game seed: 15920792460821424428

2221 horus123 the Skirmisher (level 9, -5/64 (74) HPs)
             Began as a Demonspawn Berserker on Feb 11, 2022.
             Was a Priest of Trog.
             Slain by a wight (13 damage)
             ... on level 7 of the Dungeon.
             The game lasted 00:10:18 (7722 turns).

horus123 the Skirmisher (Demonspawn Berserker)      Turns: 7722, Time: 00:10:18

HP:   -5/64 (74)    AC: 14    Str: 21    XL:     9   Next: 13%
MP:   9/9           EV:  9    Int:  9    God:    Trog [***...]
Gold: 326           SH:  0    Dex: 13    Spells: 8/8 levels left

rFire   . . .      SeeInvis .   j - +3 flail
rCold   . . .      Faith    .   (no shield)
rNeg    + . .      Spirit   .   c - +0 chain mail
rPois   .          Reflect  .   (no helmet)
rElec   .          Harm     .   (no cloak)
rCorr   .          Rampage  .   f - +2 pair of gloves
Will    +....                   (no boots)
Stlth   ..........              (no amulet)
HPRegen 0.20/turn               i - ring of positive energy
MPRegen 0.11/turn               (no ring)

@: on berserk cooldown, slowed, heavily drained, very slow
A: rugged brown scales 1, demonic guardian 2, demonic magic 1, strong-willed 1
a: Renounce Religion, Berserk, Trog's Hand


You were on level 7 of the Dungeon.
You worshipped Trog.
Trog was most pleased with you.
You visited 1 branch of the dungeon, and saw 7 of its levels.
You also visited: Sewer.

You collected 326 gold pieces.

Inventory:

Hand Weapons
 j - a +3 flail (weapon)
Armour
 b - a +0 animal skin
 c - a +0 chain mail (worn)
 f - a +2 pair of gloves (worn)
Jewellery
 i - a ring of positive energy (left hand)
Wands
 e - a wand of flame (23)
 m - a wand of digging (8)
 o - a wand of iceblast (10)
 u - a wand of mindburst (19)
 v - a wand of polymorph (11)
Scrolls
 h - 2 scrolls of enchant weapon
 k - 5 scrolls of teleportation
Potions
 a - a potion of resistance {unknown}
 d - a potion of mutation
 g - 2 potions of berserk rage
 l - a potion of ambrosia {unknown}
 n - 3 potions of curing
 p - a potion of magic {unknown}
 q - 2 potions of heal wounds {unknown}
 r - 2 potions of might {unknown}
 s - a potion of attraction {unknown}
 t - a potion of cancellation {unknown}


   Skills:
 - Level 7.1 Fighting
 + Level 6.2 Maces & Flails
 - Level 6.0 Armour
 - Level 5.0 Dodging


You had 8 spell levels left.
You didn't know any spells.
Your spell library was empty.

Dungeon Overview and Level Annotations

Branches:
Dungeon (7/15)              Sewer (visited)
 Temple: D:4-7

Altars:
Nemelex Xobeh

Portals:
Abyss: D:3

Annotations:
D:3 1 transporter, lonewolfV2's ghost, amateur TrFi
D:7 Harold


Innate Abilities, Weirdness & Mutations

You are partially covered in rugged brown scales. (AC +1, +3% HP)
A demonic guardian rushes to your aid.
Spells you cast may paralyse adjacent enemies.
You are strong-willed. (Will+)


Message History

The wight is severely damaged.
The wight closely misses you. The wight barely misses you.
The wight closely misses you. Harold fires a harpoon shot at you.
The harpoon shot hits you!
You are yanked forward by the harpoon shot.
Your orange demon stings Harold from afar!
You sock Harold!
Harold is moderately wounded.
The wight hits you with a +0 war axe. Harold hits you but does no damage.
You barely miss Harold.
Harold is moderately wounded.
The wight barely misses you.
Your orange demon stings Harold but does no damage.
You hit Harold but do no damage.
Harold is moderately wounded.
You are no longer berserk.
You are exhausted.
You feel yourself slow down. The wight hits you with a +0 war axe.
You partially resist.
You feel drained. Harold hits you with a +0 mace. The wight barely misses you.
Your orange demon stings Harold from afar!
Harold looks as sick as possible!
Your orange demon poisons Harold!
The wight hits you but does no damage. Harold misses you.
The wight hits you with a +2 dire flail!
* * * LOW HITPOINT WARNING * * *
You partially resist.
You feel drained.
Your orange demon stings Harold from afar.
The wight hits you from afar with a +3 trident!
* * * LOW HITPOINT WARNING * * *
You partially resist.
You feel drained.
* * * LOW HITPOINT WARNING * * *
The wight closely misses you.
Harold fires a harpoon shot at your orange demon.
The harpoon shot hits you but does no damage.
The wight closely misses you.
There is a stone staircase leading up here.
Your orange demon stings Harold but does no damage.
The wight hits you with a +0 war axe!
You die...

#... .##
......###
.......##
..#.... .#... #
#... #.#zz# # #
#...z##.#....
#..#z@4......
#....z@..#.....
....##.#..# ...
#.. ........ .
## .##....... #
###.......
#...#...
.(..#...


You could see Harold (extremely poisoned, ally target), 5 wights and a friendly
orange demon (summoned).

Vanquished Creatures
  Sigmund (D:6)
  2 water moccasins (D:6)
  Duvessa (D:5)
  2 necrophages
  2 ogres
  A phantom (D:5)
  5 kobold brigands (Sewer)
  2 bullfrogs
  Blork the orc (D:6)
  Dowan (D:5)
  A howler monkey (D:6)
  An electric eel (D:6)
  2 bullfrog zombies (D:5)
  A hound (D:5)
  2 jellies (D:5)
  A bullfrog skeleton (D:5)
  An orc priest (D:4)
  Ijyb (D:3)
  Terence (D:2)
  An iguana (D:3)
  2 orc wizards (D:3)
  3 gnolls (D:6)
  2 howler monkey skeletons
  9 adders
  6 river rats
  A white imp (D:3)
  An ufetubus (D:6)
  An adder skeleton (D:4)
  5 worms
  3 dart slugs
  16 orcs
  9 endoplasms
  A giant cockroach (D:1)
  8 goblins
  9 hobgoblins
  4 quokkas
  5 ball pythons
  9 bats
  3 frilled lizards
  8 kobolds
  14 rats
149 creatures vanquished.

Vanquished Creatures (collateral kills)
  An adder (D:5)
1 creature vanquished.

Grand Total: 150 creatures vanquished

Notes
Turn   | Place    | Note
-------+----------+-------------------------------------------
     0 | D:1      | horus123 the Demonspawn Berserker began the quest for the
                  | Orb.
     0 | D:1      | Reached XP level 1. HP: 18/18 MP: 1/1
   337 | D:1      | Gained mutation: Spells you cast may paralyse adjacent
                  | enemies. [demonic ancestry]
   337 | D:1      | Reached XP level 2. HP: 24/24 MP: 2/2
   528 | D:1      | Found a faded altar of an unknown god.
  1144 | D:1      | Reached XP level 3. HP: 25/29 MP: 3/3
  1394 | D:2      | Reached ** piety under Trog
  1794 | D:2      | Reached XP level 4. HP: 34/35 MP: 4/4
  1816 | D:2      | Noticed Terence
  1825 | D:2      | Killed Terence
  2145 | D:3      | Gained mutation: You are strong-willed. (Will+) [potion of
                  | mutation]
  2160 | D:3      | Gained mutation: A weak demonic guardian rushes to your
                  | aid. [demonic ancestry]
  2160 | D:3      | Reached XP level 5. HP: 13/41 MP: 5/5
  2209 | D:3      | Noticed an ogre
  2410 | D:3      | Killed an ogre
  2411 | D:3      | Reached skill level 5 in Armour
  2518 | D:3      | Found a transporter.
  2525 | D:3      | Found a transporter.
  2542 | D:3      | Found a one-way gate to the infinite horrors of the Abyss.
  2542 | D:3      | Noticed a small abomination
  2631 | D:3      | Noticed Ijyb
  2644 | D:3      | Killed Ijyb
  2861 | D:3      | Found a sparkling altar of Nemelex Xobeh.
  2861 | D:3      | Found a transporter.
  2861 | D:3      | Noticed a necrophage
  2895 | D:3      | Killed a necrophage
  2896 | D:3      | Gained mutation: You are partially covered in rugged brown
                  | scales. (AC +1, +3% HP) [demonic ancestry]
  2896 | D:3      | Reached XP level 6. HP: 48/48 MP: 6/6
  2973 | D:3      | Noticed lonewolfV2's ghost (amateur TrFi)
  4044 | D:4      | Reached XP level 7. HP: 51/53 MP: 7/7
  4446 | D:5      | Entered Level 5 of the Dungeon
  4901 | D:5      | Reached skill level 5 in Dodging
  4955 | D:5      | Noticed Duvessa
  4955 | D:5      | Noticed Dowan
  4972 | D:5      | Killed Duvessa
  4979 | D:5      | Reached skill level 4 in Fighting
  4980 | D:5      | Killed Dowan
  5428 | D:5      | Reached skill level 5 in Fighting
  5428 | D:5      | Gained mutation: A demonic guardian rushes to your aid.
                  | [demonic ancestry]
  5428 | D:5      | Reached XP level 8. HP: 46/63 MP: 8/8
  5609 | D:6      | Noticed Blork the orc
  5617 | D:6      | Killed Blork the orc
  5715 | D:6      | Reached skill level 6 in Fighting
  5731 | D:6      | Reached *** piety under Trog
  5733 | D:6      | Reached skill level 7 in Fighting
  5892 | D:6      | Found a glowing drain.
  5904 | Sewer    | Entered a sewer
  6563 | Sewer    | Reached skill level 5 in Maces & Flails
  7311 | D:6      | Noticed Sigmund
  7318 | D:6      | Killed Sigmund
  7319 | D:6      | Reached XP level 9. HP: 74/74 MP: 9/9
  7708 | D:7      | Noticed Harold
  7722 | D:7      | Slain by a wight

Illustrated notes

Levels and vault maps discovered:
D:1:      minmay_arrival_loop, layout_basic, hellmonk_ecumenical_altar_run_dry
D:2:      layout_rooms, uniq_terence
D:3:      layout_loops_corners, grunt_nemelex_the_gamble,
          gammafunk_ghost_abyssal_escape, uniq_ijyb
D:4:      layout_basic
D:5:      layout_loops_ring, chequers_serial_rivers_room_a, uniq_duvessa
D:6:      layout_loops_ring, lightli_sewer_entry_pipes, minivault_14,
          uniq_sigmund, uniq_blork_the_orc
D:7:      layout_cave_pools, minmay_temple_entry_fiery,
          corexii_leaking_fountain, minmay_misc_feat_ornament,
          wad_floor_pattern_untrapped, hangedman_decor_growths, uniq_joseph,
          uniq_harold

Skill      XL: |  1  2  3  4  5  6  7  8  9 |
---------------+----------------------------+-----
Maces & Flails | 3 5 6 |  6.2
Armour         | 2 3 4 6 |  6.0
Dodging        | 3 5 |  5.0
Fighting       | 5 7 |  7.1

Action                   |  1- 3 |  4- 6 |  7- 9 || total
-------------------------+-------+-------+-------++-------
Melee: Mace              |   131 |    10 |       ||   141
       Punch             |     1 |       |     6 ||     7
       Flail             |       |   135 |   316 ||   451
Invok: Berserk           |       |     3 |     4 ||     7
  Use: Scroll            |     1 |     7 |     4 ||    12
       Potion            |       |     3 |       ||     3
Armor: Chain mail        |   104 |    92 |   170 ||   366
Dodge: Dodged            |    75 |    66 |   161 ||   302
